 Dungeon Crawl Stone Soup version 0.17-a0-1504-gb7d9117 (webtiles) character file.

1528 Fizybubbleh the Covert (level 9, 0/57 HPs)
             Began as a Human Enchanter on July 7, 2015.
             Was an Initiate of Dithmenos.
             Slain by a centaur (3 damage)
             ... on level 6 of the Dungeon.
             The game lasted 00:29:27 (8423 turns).

Fizybubbleh the Covert (Human Enchanter)            Turns: 8423, Time: 00:29:27

Health: 0/57       AC:  4    Str:  8    XL:     9   Next: 10%
Magic:  12/12      EV: 13    Int: 16    God:    Dithmenos [......]
Gold:   271        SH:  0    Dex: 17    Spells: 3 memorised, 6 levels left

rFire  + . .     SeeInvis .     t - +0 dagger (venom)
rCold  + . .     Clarity  .     b - +1 robe
rNeg   . . .     SustAt   .     (no shield)
rPois  +         Gourm    .     (no helmet)
rElec  +         Spirit   .     q - +0 cloak
rCorr  +         Warding  .     (no gloves)
rMut   .         Stasis   .     (no boots)
MR     .....                    (no amulet)
Stlth  +++++.....               (no ring)
                                (no ring)

@: lethally poisoned (0 -> -17), resistant, very slightly contaminated, not
resistant to hostile enchantments, quite stealthy
A: no striking features
a: Renounce Religion


You were on level 6 of the Dungeon.
You worshipped Dithmenos.
Dithmenos was noncommittal.
You were very hungry.

You visited 1 branch of the dungeon, and saw 6 of its levels.

You collected 271 gold pieces.

Inventory:

Hand weapons
 a - a +1 dagger
 t - a +0 dagger of venom (weapon)
Missiles
 g - 8 tomahawks of dispersal (quivered)
Armour
 b - a +1 robe (worn)
 o - a +0 pair of gloves
 q - a +0 cloak (worn)
Jewellery
 n - an uncursed ring of protection from fire
 x - a +3 ring of dexterity {unknown}
 z - an uncursed ring of protection from magic {unknown}
Scrolls
 h - a scroll of remove curse
 i - 2 scrolls of recharging
 j - a scroll of teleportation
 k - 2 scrolls of amnesia
 l - 3 scrolls of identify
 r - a scroll of immolation
 s - a scroll of fog {unknown}
 v - a scroll of blinking
 y - a scroll of enchant armour {unknown}
 B - a scroll of fear {unknown}
 C - a scroll of enchant weapon {unknown}
Potions
 u - a potion of brilliance {unknown}
 w - a potion of poison {unknown}
 A - a potion of berserk rage {unknown}
Books
 c - a book of Maledictions

   Spells                             Type                      Level
   a - Corona                         Hexes                        1
   b - Ensorcelled Hibernation        Hexes/Ice                    2
   c - Confuse                        Hexes                        3
   d - Tukima's Dance                 Hexes                        3
   e - Dazzling Spray                 Conjuration/Hexes            3
Comestibles
 d - 3 bread rations
 m - 6 meat rations


   Skills:
 - Level 1.0 Short Blades
 - Level 2.0 Dodging
 - Level 10.5 Stealth
 - Level 2.0 Spellcasting
 + Level 6.2 Hexes


You had 6 spell levels left.
You knew the following spells:

 Your Spells              Type           Power        Failure   Level  Hunger
a - Ensorcelled Hibernat  Hex/Ice        ##....       10%         2    ###....
b - Confuse               Hex            ###.....     6%          3    ###....
v - Corona                Hex            ###....      1%          1    #......


Dungeon Overview and Level Annotations

Branches:
Dungeon (6/15)
 Temple: D:4-7

Altars:
Dithmenos
Elyvilon
Fedhas
Kikubaaqudgha
Okawaru
Yredelemnul
The Shining One

Shops:
D:6 %

Annotations:
D:2 exclusion: oklob plant, Sigmund
D:3 exclusions: 3 doors and downstairs
D:5 exclusion: downstairs


Message History

Drink which item? (? for menu, Esc to quit)
It was a potion of magic.
Magic courses through your body.
* * * LOW HITPOINT WARNING * * *
You feel sick. The centaur hits you.
* * * LOW HITPOINT WARNING * * *
The centaur hits you.
* * * LOW HITPOINT WARNING * * *
You take 9 damage, and have 6/57 hp.
MP restored: 12 Drink which item? (? for menu, Esc to quit)
It was a potion of resistance.
You feel protected.
* * * LOW HITPOINT WARNING * * *
You feel sick. The centaur closely misses you.
You take 2 damage, and have 4/57 hp.
Drink which item? (? for menu, Esc to quit)
It was a potion of cure mutation.
It has a very clean taste.
* * * LOW HITPOINT WARNING * * *
You feel sick. The centaur misses you. The centaur hits you.
You die...

........## c.# #..
..>......## ..# #..
##.####...# ..# ##..
### ##..## ..# #...
## ###.## ..# ##...
.## ##.### ..#
##...# ..##
##..####..# ##..###
...## ##..##(.#
##..## ##..#
#...@c.# ##..##
##.## ##.....# #..##
#..### ##....## #..#
###...######...###
#.##
#..............#
#..#
#.#########....#
###..## ##.###
###..# ###.....####
.....## #..#
##..........##
......##
#...###............#


You could see a centaur.

Vanquished Creatures
  The ghost of CipHuK the Ruffian, an average NaTm (D:4)
  A sky beast (D:5)
  3 ogres (D:5)
  2 centaurs
  2 giant frogs (D:6)
  A scorpion (D:6)
  A centaur zombie (D:5)
  2 crimson imps (D:5)
  An orc priest (D:5)
  2 jellies
  3 orc wizards (D:6)
  A hound (D:5)
  3 worker ants
  A worker ant zombie (D:5)
  A hound skeleton (D:4)
  7 gnolls
  7 adders
  2 oozes
  6 worms
  5 giant geckos
  22 orcs
  7 bats
  5 bat skeletons
  3 bat zombies (D:3)
  5 giant cockroaches
  11 hobgoblins
  6 jackals
  12 kobolds
  4 quokkas
  3 giant newts
  7 goblins
  A quokka skeleton (D:4)
  16 rats
154 creatures vanquished.

Notes
Turn   | Place    | Note
--------------------------------------------------------------
     0 | D:1      | Fizybubbleh the Human Enchanter began the quest for the Orb.
     0 | D:1      | Reached XP level 1. HP: 13/13 MP: 3/3
   158 | D:1      | Reached XP level 2. HP: 19/19 MP: 5/5
   196 | D:1      | Learned a level 2 spell: Ensorcelled Hibernation
   567 | D:1      | Reached skill level 4 in Hexes
   567 | D:1      | Reached XP level 3. HP: 16/24 MP: 0/6
  1029 | D:2      | Found a blossoming altar of Fedhas.
  1043 | D:2      | Noticed an oklob plant
  1453 | D:2      | Reached XP level 4. HP: 21/30 MP: 7/7
  1497 | D:2      | Learned a level 3 spell: Confuse
  1694 | D:2      | Found a white marble altar of Elyvilon.
  1849 | D:2      | Found a glowing golden altar of the Shining One.
  1849 | D:2      | Noticed Sigmund
  2066 | D:2      | Reached skill level 5 in Hexes
  2747 | D:3      | Reached XP level 5. HP: 22/35 MP: 4/8
  3667 | D:3      | Reached skill level 6 in Hexes
  4204 | D:3      | Found an ancient bone altar of Kikubaaqudgha.
  4421 | D:4      | Noticed CipHuK's ghost (average NaTm)
  4732 | D:4      | Reached XP level 6. HP: 41/41 MP: 9/9
  5142 | D:4      | Killed CipHuK's ghost
  5142 | D:4      | Reached skill level 5 in Stealth
  5394 | D:4      | Reached XP level 7. HP: 43/46 MP: 10/10
  5439 | D:5      | Entered Level 5 of the Dungeon
  6050 | D:5      | Reached skill level 7 in Stealth
  6140 | D:5      | Reached XP level 8. HP: 42/52 MP: 6/11
  6141 | D:5      | Found an iron altar of Okawaru.
  6219 | D:5      | Reached skill level 8 in Stealth
  6651 | D:5      | Found a basalt altar of Yredelemnul.
  6759 | D:5      | Reached skill level 9 in Stealth
  6940 | D:6      | Found Tachum's Food Shop.
  7664 | D:6      | Found a shadowy altar of Dithmenos.
  7674 | D:6      | Reached skill level 10 in Stealth
  7674 | D:6      | Reached XP level 9. HP: 57/57 MP: 12/12
  7680 | D:6      | Became a worshipper of Dithmenos the Shadowed
  8266 | D:6      | Found a white marble altar of Elyvilon.
  8423 | D:6      | Slain by a centaur

Vault maps used:
D:1:      scummos_arrival_hexagon
D:2:      tgw_fedhas, overflow_temple_1_default, tso_altar, uniq_sigmund
D:3:      kennysheep_vampire_church
D:5:      lemuel_doored_altar, okawaru_gym_becter, first_bread,
          supply_closet_lemuel
D:6:      nicolae_dithmenos_the_darkroom, serial_shops, shop, elyvilon_altar_3

Action                   |  1- 3 |  4- 6 |  7- 9 || total
-------------------------+-------+-------+-------++-------
Melee: Dagger            |   124 |   277 |   145 ||   546
 Cast: Ensorcelled Hiber |    14 |    32 |    52 ||    98
       Corona            |     1 |     1 |       ||     2
       Confuse           |       |     7 |     8 ||    15
  Use: Scroll            |     5 |       |     3 ||     8
       Potion            |       |     1 |     3 ||     4
 Stab: Sleeping          |    18 |    19 |    28 ||    65
       Confused          |       |     6 |     5 ||    11
       Distracted        |       |     1 |       ||     1
  Eat: Chunk             |     2 |    11 |    11 ||    24
       Beef jerky        |       |     2 |       ||     2
       Pizza             |       |     1 |       ||     1
       Bread ration      |       |     1 |       ||     1
